AoeStats
← marco.ulrich

Yucatan

510365542Analyzed
2v2 RM · 17h ago on Sep 30, 2026· 31m 41s· 4 players
Game mode
Random Map
Map size
Medium (4 player)
Population
200
Speed
Normal
Resources
Standard
Victory
Conquest
Starting age
Dark Age
Ending age
Imperial Age
RankedLock teamsTeams togetherTeam positionsShared explorationLock speedFull tech treeHidden civsTurbo modeCheats
Victory
Defeat
🇫🇷 Romans · France
896
+17
🇫🇷 Mongols · France
863
+17
🇩🇪 Byzantines · Germany
911
-17
🇩🇪 Danes · Germany
903
-17
bravogino434
1:53 Loom
11:36 Feudal Age
12:15 Double-Bit Axe
12:11 Horse Collar
19:19 Castle Age
20:29 Scale Barding Armor
20:35 Forging
20:53 Bow Saw
20:44 Heavy Plow
21:13 Husbandry
20:37 Man-at-Arms
23:29 Fletching
24:38 Gold Mining
27:33 Long Swordsman
GILLOUXCRG
8:58 Loom
10:47 Feudal Age
11:55 Double-Bit Axe
15:51 Scale Barding Armor
17:36 Bloodlines
18:09 Forging
19:47 Horse Collar
21:30 Fletching
24:40 Castle Age
25:17 Bodkin Arrow
marco.ulrich
13:14 Feudal Age
18:08 Castle Age
17:58 Scale Barding Armor
18:51 Horse Collar
20:37 Wheelbarrow
20:38 Pikeman
21:59 Husbandry
21:49 Loom
28:00 Double-Bit Axe
28:26 Elite Skirmisher
29:51 Gold Mining
MarcusMaximus
12:22 Feudal Age
12:41 Feudal Age
13:57 Loom
17:06 Castle Age
15:04 Double-Bit Axe
15:00 Horse Collar
15:17 Stone Mining
15:59 Horse Collar
16:13 Gold Mining
17:37 Scale Mail Armor
17:47 Forging
18:32 Bow Saw
19:47 Squires
19:33 Arson
20:25 Chain Mail Armor
23:24 Hamask
26:12 Wheelbarrow
25:23 Town Watch
28:46 Hand Cart
29:40 Gambesons
31:49 Fletching
Connection lost

Rejoining the realm…

Still unreachable

The connection could not be restored.

Session expired

The server has moved on; the page needs a fresh start.